 Seeded DCSS version 0.31-a0-920-g28cbb04a8c (webtiles) character file.

Game seed: 6809001701948853766 (custom seed)

4351 retardedninja the Conjurer (level 10, -5/54 HPs)
             Began as a Gargoyle Fire Elementalist on Oct 16, 2023.
             Was a Believer of Vehumet.
             Killed from afar by Amaemon (12 damage)
             ... with a bolt of dispelling energy
             ... on level 10 of the Dungeon on Oct 17, 2023.
             The game lasted 00:21:42 (12645 turns).

retardedninja the Conjurer (GrFE)                  Turns: 12645, Time: 00:21:43

Health: -5/54      AC: 12    Str: 10    XL:     10   Next: 34%
Magic:  23/28      EV: 12    Int: 26    God:    Vehumet [**....]
Gold:   1161       SH:  0    Dex: 14    Spells: 14/21 levels left

rFire   . . .        x - +3 halberd
rCold   . . .        (shield currently unavailable)
rNeg    + . .        a - +0 robe
rPois   ∞            (no helmet)
rElec   +            (no cloak)
rCorr   .            u - +0 pair of gloves
SInv    .            r - +1 pair of boots
Will    .....        C - amulet of regeneration
Stlth   ++           m - +6 ring of intelligence
HPRegen 1.09/turn    e - ring of magical power
MPRegen 0.21/turn

%: no passive effects
@: no status effects
A: sickness immunity, AC +7, negative energy resistance 1, electricity
resistance, torment resistance 1, petrification resistance, agile 1, frail 1,
screaming 1
a: Renounce Religion


You were on level 10 of the Dungeon.
You worshipped Vehumet.
Vehumet was pleased with you.
You visited 2 branches of the dungeon, and saw 11 of its levels.

You collected 1161 gold pieces.

Inventory:

Hand Weapons
 x - a +3 halberd (weapon)
Missiles
 H - a throwing net
Armour
 a - a +0 robe (worn)
 r - a +1 pair of boots (worn)
 u - a +0 pair of gloves (worn)
 B - a scarf of resistance
Jewellery
 e - a ring of magical power (right hand)
 i - the ring of the Bedazzling Gods {rElec Will+}
   (You took it off an orc on level 4 of the Dungeon)

   [ring of willpower]

   rElec:     It insulates you from electricity.
   Will+:     It increases your willpower.
 m - a +6 ring of intelligence (left hand)
 C - an amulet of regeneration (around neck)
 G - a ring of resist corrosion
Wands
 l - a wand of polymorph (6)
 y - a wand of mindburst (10)
 E - a wand of iceblast (4)
 I - a wand of quicksilver (14)
Scrolls
 b - a scroll of immolation
 f - a scroll of revelation
 j - 3 scrolls of teleportation
 v - 3 scrolls of blinking
Potions
 d - 3 potions of magic
 g - 2 potions of brilliance
 h - a potion of berserk rage
 n - 2 potions of ambrosia
 o - 2 potions of curing
 p - 2 potions of cancellation
 s - 2 potions of lignification
 w - a potion of attraction {unknown}
 z - a potion of haste {unknown}
 A - 2 potions of enlightenment
 D - a potion of resistance {unknown}
 K - a potion of might {unknown}


   Skills:
 + Level 6.6 Fighting
 - Level 2.3 Dodging
 - Level 3.4 Stealth
 + Level 6.3 Spellcasting
 + Level 7.3 Conjurations
 + Level 7.2 Fire Magic
 + Level 5.0 Air Magic


You had 14 spell levels left.
You knew the following spells:

 Your Spells              Type           Power      Damage    Failure   Level
a - Foxfire               Conj/Fire      100%       2x1d9     1%          1
b - Scorch                Fire           92%        2d8       1%          2
c - Flame Wave            Conj/Fire      46%        2d12      3%          4

Your spell library contained the following spells:

 Spells                   Type           Power      Damage    Failure   Level
 Poisonous Vapours        Pois/Air       42%        N/A       3%          2
 Shock                    Conj/Air       100%       1d9       1%          1
 Momentum Strike          Conj/Tloc      54%        3d9       2%          2
 Swiftness                Air            34%        N/A       2%          3
 Inner Flame              Hex/Fire       27%        N/A       4%          3
 Volatile Blastmotes      Fire/Tloc      54%        2d14      4%          3
 Summon Small Mammal      Summ           32%        N/A       7%          1
 Airstrike                Air            17%        2d(3-19)  9%          4
 Blink                    Tloc           16%        N/A       11%         2
 Lesser Beckoning         Tloc           16%        N/A       11%         2
 Call Canine Familiar     Summ           8%         N/A       21%         3
 Gell's Gravitas          Tloc           8%         N/A       21%         3
 Summon Guardian Golem    Hex/Summ       8%         N/A       21%         3
 Teleport Other           Tloc           8%         N/A       21%         3
 Dispersal                Tloc           4%         N/A       100%        6


Dungeon Overview and Level Annotations

Branches:
Dungeon (10/15)            Temple (1/1) D:4
   Lair: D:8-11         Orc: D:9-12

Altars:
Ashenzari
Cheibriados
Dithmenos
Elyvilon
Fedhas
Gozag
Hepliaklqana
Kikubaaqudgha
Makhleb
Nemelex Xobeh
Okawaru
Qazlal
Ru
Sif Muna
Trog
Uskayaw
Vehumet
Wu Jian
Xom
Yredelemnul
Zin
The Shining One

Shops:
D:3 (   D:6 ?   D:7 (   D:8 *

Annotations:
D:5 3 runed translucent doors, Darius099's ghost, novice MiFi
D:10 Amaemon


Innate Abilities, Weirdness & Mutations

You are immune to sickness and miasma.
Your stone body is resilient. (AC +7)
You are immune to poison.
You resist negative energy. (rN+)
You are resistant to electric shocks. (rElec)
You are resistant to unholy torment.
You are immune to petrification.
You are agile. (Dex +4, Str/Int -1)
You are frail. (-10% HP)
You occasionally shout uncontrollably at your foes.


Message History

Amaemon and an orange demon come into view.
Amaemon is wielding a -1 demon whip of venom and carrying a wand of quicksilver.
There are monsters nearby!
There are monsters nearby!
The orange demon screeches!
Amaemon shouts!
The orange demon barely misses you.
Casting: Scorch (safe; 1% risk of failure)
Confirm with . or Enter, or press ? or * to list all spells.
Casting: Flame Wave (dangerous; 3% risk of failure)
Press: ? - help, Dir - look around, f - activate A wave of flame ripples out!
The flame wave engulfs Amaemon.
Amaemon is lightly wounded. (Press . to intensify the flame waves.) Amaemon hits you with a -1 demon whip of venom.
Amaemon misses you. Amaemon closely misses you.
The orange demon stings you from afar!
A wave of flame ripples out!
The flame wave engulfs Amaemon!
Amaemon is lightly wounded.
The flame wave engulfs the orange demon!!
The orange demon is moderately wounded.
Amaemon hits you with a -1 demon whip of venom!
Amaemon barely misses you. Amaemon misses you.
The orange demon barely misses you.
A wave of flame ripples out!
The flame wave engulfs Amaemon!
Amaemon is moderately wounded.
The flame wave engulfs the orange demon!
The orange demon is heavily wounded.
You finish channelling waves of flame.
Amaemon points at the orange demon and mumbles some strange words.
The orange demon seems to grow toxic.
The orange demon stings you but does no damage.
Amaemon zaps a wand.
The bolt of dispelling energy hits you!!
The orange demon stings you from afar!
* * * LOW HITPOINT WARNING * * *
Blink to where?
Press: ? - help, Q - select action, (/) - cycle Dir - move target
As you read the scroll of blinking, it crumbles to dust.
Amaemon zaps a wand.
The bolt of dispelling energy hits you!
You die...

.###... #..........
#.........
#............#
######....[...#...#
#4............#...#
#.6§..........#...#
#####.....##..#...#
#....@....#...#
#.............#
##............#
#........#...#
#........#...#
#..........<.#
####'###.....#
###.....+.#...#
####.......#.#...#


You could see Amaemon.

Vanquished Creatures
  A wyvern (D:7)
  2 steam dragons
  2 acid dragons
  A sky beast (D:6)
  4 orc warriors
  3 black bears
  A wolf (D:8)
  An ogre (D:6)
  5 centaurs
  2 kobold brigands
  A scorpion (D:5)
  3 bullfrogs
  4 gnoll sergeants (D:8)
  4 wights (D:6)
  6 killer bees
  6 howler monkeys (D:8)
  2 jellies
  6 hounds
  2 sleepcaps (D:7)
  3 orc priests
  A gnoll bouda (D:8)
  3 iguanas
  10 orc wizards
  16 gnolls (D:8)
  9 adders
  2 ufetubi (D:7)
  2 worms (D:2)
  8 dart slugs
  26 orcs
  11 endoplasms
  A giant cockroach (D:2)
  5 goblins
  5 hobgoblins
  16 kobolds
  3 quokkas
  4 ball pythons
  7 bats
  3 frilled lizards
  5 rats
196 creatures vanquished.

Vanquished Creatures (collateral kills)
  10 foxfires
10 creatures vanquished.

Vanquished Creatures (others)
  An orc (D:8)
  742 foxfires
743 creatures vanquished.

Grand Total: 949 creatures vanquished

Notes
Turn   | Place    | Note
-------+----------+-------------------------------------------
     0 | D:1      | retardedninja the Gargoyle Fire Elementalist began the
                  | quest for the Orb.
     0 | D:1      | Reached XP level 1. HP: 10/10 MP: 3/3
    90 | D:1      | Reached XP level 2. HP: 2/15 MP: 0/5
   579 | D:1      | Reached XP level 3. HP: 19/19 MP: 1/6
  1228 | D:2      | Learned a level 2 spell: Scorch
  1681 | D:2      | Reached XP level 4. HP: 20/24 MP: 1/7
  2900 | D:2      | Reached XP level 5. HP: 18/28 MP: 3/8
  3234 | D:2      | Identified a scroll of acquirement
  3234 | D:2      | Acquired 654 gold pieces
  3379 | D:3      | Found Syjaclem's Weapon Shop.
  3700 | D:3      | Found a faded altar of an unknown god.
  3936 | D:4      | Found a staircase to the Ecumenical Temple.
  3942 | Temple   | Entered the Ecumenical Temple
  3987 | Temple   | Became a worshipper of Vehumet
  4283 | D:4      | Reached skill level 1 in Fighting
  4283 | D:4      | Reached XP level 6. HP: 30/34 MP: 1/10
  4739 | D:4      | Found a hazy altar of Hepliaklqana.
  4827 | D:4      | Noticed a black bear
  5264 | D:4      | Killed a black bear
  5265 | D:4      | Reached skill level 1 in Air Magic
  5820 | D:4      | Identified the ring of the Bedazzling Gods {rElec Will+}
  6262 | D:5      | Entered Level 5 of the Dungeon
  6284 | D:5      | Found a runed translucent gate.
  6285 | D:5      | Found a runed translucent gate.
  6286 | D:5      | Found a runed translucent gate.
  6287 | D:5      | Noticed Darius099's ghost (novice MiFi)
  6331 | D:5      | Reached XP level 7. HP: 40/40 MP: 4/12
  6521 | D:5      | Learned a level 4 spell: Flame Wave
  7670 | D:6      | Reached XP level 8. HP: 33/46 MP: 6/13
  7890 | D:6      | Reached skill level 5 in Fire Magic
  8019 | D:6      | Identified the +5 long sword "Noab" {holy, Fly rC+ Str-5}
  8060 | D:6      | Found Kusoci's Magic Scroll Shoppe.
  8662 | D:6      | Reached skill level 5 in Conjurations
  9036 | D:7      | Noticed a wyvern
  9043 | D:7      | Killed a wyvern
  9049 | D:7      | Reached XP level 9. HP: 48/52 MP: 11/16
  9123 | D:7      | Found Plog's Antique Weapon Emporium.
  9277 | D:7      | Reached skill level 5 in Spellcasting
  9740 | D:8      | Reached skill level 5 in Fighting
  9768 | D:8      | Identified the +0 leather armour of Abstinence {MP+9}
 10038 | D:8      | Found Ihohayvoab's Assorted Antiques.
 10044 | D:8      | Reached * piety under Vehumet
 10044 | D:8      | Offered knowledge of Kiss of Death by Vehumet.
 10135 | D:8      | Upgraded the game from 0.31-a0-889-g1a8549509d to
                  | 0.31-a0-920-g28cbb04a8c
 10796 | D:8      | Reached ** piety under Vehumet
 10796 | D:8      | Offered knowledge of Static Discharge by Vehumet.
 10829 | D:8      | Reached XP level 10. HP: 38/60 MP: 15/18
 11858 | D:9      | Offered knowledge of Poisonous Vapours by Vehumet.
 11860 | D:9      | Reached skill level 5 in Air Magic
 12243 | D:9      | Gained mutation: You are frail. (-10% HP) [potion of
                  | mutation]
 12243 | D:9      | Gained mutation: You occasionally shout uncontrollably at
                  | your foes. [potion of mutation]
 12243 | D:9      | Gained mutation: You are agile. (Dex +4, Str/Int -1)
                  | [potion of mutation]
 12609 | D:10     | Entered Level 10 of the Dungeon
 12638 | D:10     | Noticed Amaemon
 12638 | D:10     | Noticed an orange demon
 12645 | D:10     | Killed from afar by Amaemon

Illustrated notes

Levels and vault maps discovered:
D:1:      nicolae_arrival_washed_ashore, layout_rooms, st_stairs_4,
          nicolae_concentric_dashed_squares_mild, grunt_decor_cap,
          minmay_ruptured
D:2:      layout_rooms, corner_web_ring, chequers_mini_garden,
          serial_bayou_pond_a, minmay_misc_feat_alley, kennysheep_generic_room_9
D:3:      layout_rooms, serial_shops, nicolae_shop_tiny_statue_garden,
          hellmonk_ecumenical_altar_heavens_door
D:4:      layout_basic, nicolae_overflow_crystal_walls,
          minmay_temple_entry_arrows, serial_forest, infiniplex_forest_lined_2,
          infiniplex_forest_straight_4, infiniplex_forest_zigzag_1,
          infiniplex_forest_end_double, infiniplex_forest_clump_tiny,
          infiniplex_forest_clump_C, infiniplex_forest_side_room,
          infiniplex_forest_end_2, hangedman_decor_growths,
          hangedman_abyss_or_decor_passed
D:5:      layout_cave_pools, gammafunk_ghost_nasty_kobolds, kennysheep_path_1,
          minivault_11
D:6:      layout_gridville, serial_shops, nicolae_shop_tiny_statue_garden
D:7:      layout_basic, serial_shops, shop
D:8:      layout_cave_pools, serial_gnoll_camp, gnoll_camp_mini_sergeant,
          gnoll_camp_mini_house, gnoll_camp_mini_shop, gnoll_camp_huts_basic
D:9:      layout_long_grid, kennysheep_generic_room_13
D:10:     layout_stronghold, ebering_ghost_disaster_area, uniq_sonja,
          uniq_amaemon
Temple:   nicolae_temple_the_god_donut

Skill      XL: |  1  2  3  4  5  6  7  8  9 10 |
---------------+-------------------------------+-----
Dodging        | 2 |  2.3
Conjurations   | 2 3 4 5 6 7 |  7.3
Stealth        | 3 |  3.4
Spellcasting   | 3 4 5 6 |  6.3
Fighting       | 1 2 3 4 6 |  6.6
Fire Magic     | 4 5 6 7 |  7.2
Air Magic      | 1 2 3 4 5 |  5.0

Action                     |  1- 3 |  4- 6 |  7- 9 | 10-12 || total
---------------------------+-------+-------+-------+-------++-------
  Melee: Spear             |    33 |   265 |     5 |       ||   303
         Punch             |       |     3 |       |       ||     3
         Halberd           |       |       |     4 |       ||     4
   Cast: Foxfire           |    84 |   128 |   156 |    59 ||   427
         Scorch            |     2 |    25 |    56 |    23 ||   106
         Flame Wave        |       |       |     7 |     2 ||     9
  Evoke: Wand              |       |       |     6 |     3 ||     9
    Use: Potion            |     1 |     3 |     4 |     1 ||     9
         Scroll            |       |    11 |     4 |     9 ||    24
 Armour: Robe              |    48 |    89 |   121 |    51 ||   309
  Dodge: Dodged            |    48 |    61 |   112 |    34 ||   255

Table legend: (Time is in decaauts)
 A = Elapsed time spent in this place.
 B = Non-inter-level travel time spent in this place.
 C = Inter-level travel time spent in this place.
 D = Time resting spent in this place.
 E = Time spent auto-exploring this place.
 F = Levels seen in this place.
 G = Mean time per level.
                   A        B        C        D        E       F      G
               +--------+--------+--------+--------+--------+-----+--------+
         Total |  12681 |  12520 |    161 |   3086 |   7216 |  11 | 1152.8 |
       Dungeon |  12114 |  11953 |    161 |   2585 |   7190 |  10 | 1211.4 |
        Temple |    566 |    566 |      0 |    501 |     26 |   1 |  566.0 |
               +--------+--------+--------+--------+--------+-----+--------+

Top non-repeatable levels by time:
     D:4: 1926 daAuts
     D:1: 1702 daAuts
     D:2: 1560 daAuts
     D:8: 1496 daAuts
     D:5: 1496 daAuts
     D:6: 1261 daAuts
     D:9: 1253 daAuts
     D:7: 825 daAuts
  Temple: 566 daAuts
     D:3: 556 daAuts
    D:10: 35 daAuts
